 Dungeon Crawl Stone Soup version 0.30-a0-867-g305f33218d (webtiles) character file.

Game seed: 8664926290622038385

9029 selver the Markstengu (level 11, -9/72 HPs)
             Began as a Tengu Hunter on Mar 10, 2023.
             Was an Initiate of Gozag.
             Mangled by a cane toad (18 damage)
             ... on level 2 of the Lair of Beasts on Mar 11, 2023.
             The game lasted 00:36:01 (10155 turns).

selver the Markstengu (Tengu Hunter)               Turns: 10155, Time: 00:36:02

Health: -9/72      AC:  8    Str: 11    XL:     11   Next: 40%
Magic:  10/10      EV: 18    Int: 10    God:    Gozag
Gold:   791        SH:  0    Dex: 25    Spells: 10/10 levels left

rFire   + + .      SeeInvis .    a - +1 shortbow (heavy)
rCold   + . .      Faith    .    (shield currently unavailable)
rNeg    + + .      Spirit   .    o - +3 ring mail
rPois   +          Reflect  .    (helmet restricted)
rElec   .          Rampage  .    y - scarf {rC+ rF+}
rCorr   .                        (no gloves)
Will    .....                    (boots unavailable)
Stlth   ++                       k - amulet of the acrobat
HPRegen 0.32/turn                s - ring of poison resistance
MPRegen 0.12/turn                j - ring "Paxegig" {rN++ EV+5 Dex+3}

@: flying quickly and evasively, quick
A: beak, talons 3, nimble flight, fire resistance 1, low MP 1
a: Renounce Religion, Potion Petition, Call Merchant, Bribe Branch


You were on level 2 of the Lair of Beasts.
You worshipped Gozag.
Gozag was pleased with you.
You visited 2 branches of the dungeon, and saw 11 of its levels.

You collected 2107 gold pieces.
You spent 798 gold pieces at shops.
You paid 518 gold pieces to Gozag.

Inventory:

Hand Weapons
 a - a +1 heavy shortbow (weapon)
Armour
 c - a +0 leather armour
 o - a +3 ring mail (worn)
 y - a scarf of resistance (worn)
Jewellery
 f - a ring of positive energy
 j - the ring "Paxegig" (right hand) {rN++ EV+5 Dex+3}
   (You bought it in a shop on level 6 of the Dungeon)

   [ring of evasion]

   EV:        It affects your evasion (+5).
   Dex:       It affects your dexterity (+3).
   rN:        It greatly protects you from negative energy.
 k - an amulet of the acrobat (around neck)
 m - a ring of willpower
 r - a ring of magical power
 s - a ring of poison resistance (left hand)
 x - an amulet of guardian spirit
 F - a ring of resist corrosion
Wands
 e - a wand of acid (7)
 p - a wand of mindburst (22)
 u - a wand of paralysis (5)
 z - a wand of polymorph (9)
 C - a wand of iceblast (7)
Scrolls
 b - 3 scrolls of immolation
 i - 3 scrolls of identify
 v - a scroll of amnesia {unknown}
Potions
 d - a potion of magic
 g - 5 potions of attraction
 h - 3 potions of might
 l - a potion of haste {unknown}
 n - a potion of mutation
 q - 2 potions of cancellation
 t - 2 potions of berserk rage
 w - a potion of flight
 A - 3 potions of brilliance
 D - a potion of lignification {unknown}
 H - 2 potions of ambrosia


   Skills:
 + Level 10.3 Fighting
 - Level 16.0 Ranged Weapons
 - Level 2.1 Dodging
 - Level 1.0 Stealth


You had 10 spell levels left.
You didn't know any spells.
Your spell library contained the following spells:

 Spells                   Type           Power      Damage    Failure   Level
 Magic Dart               Conj           0%         1d3       67%         1
 Sting                    Tmut/Pois      0%         1d3       67%         1
 Blink                    Tloc           0%         N/A       80%         2
 Lesser Beckoning         Tloc           0%         N/A       80%         2
 Momentum Strike          Conj/Tloc      0%         3d8       80%         2
 Poisonous Vapours        Pois/Air       0%         N/A       80%         2
 Searing Ray              Conj           0%         2d4       80%         2
 Stone Arrow              Conj/Erth      0%         3d7       95%         3
 Animate Armour           Summ/Erth      0%         N/A       100%        4
 Fulminant Prism          Conj/Hex       0%         3d5       100%        4
 Olgreb's Toxic Radiance  Pois           0%         N/A       100%        4
 Lehudib's Crystal Spear  Conj/Erth      0%         10d2      100%        8


Dungeon Overview and Level Annotations

Branches:
Dungeon (9/15)             Temple (0/1) D:7            Lair (2/5) D:8
 Shoals (0/4) Lair:2
  Snake: Lair:2-3    Spider: Lair:2-3       Orc: D:9-12

Altars:
Cheibriados
Gozag
Yredelemnul
Zin

Shops:
D:4 (:[   D:6 =

Annotations:
D:5 1 runed translucent door, Crazy Yiuf


Innate Abilities, Weirdness & Mutations

You have a beak for a mouth.
You have claws for feet.
Your magical nature lets you fly swiftly and evasively.
Your flesh is heat resistant. (rF+)
Your magical capacity is low. (-10% MP)


Message History

The cane toad attacks as you move away! The cane toad completely misses you.
The cane toad attacks as you move away! The cane toad stings you!
You are poisoned.
The cane toad poisons you!
* * * LOW HITPOINT WARNING * * *
You feel very sick.
* * * LOW HITPOINT WARNING * * *
You feel very sick.
You are confused.
You feel invigorated.
You feel very sick. The cane toad completely misses you.
You feel sick. The cane toad completely misses you.
The komodo dragon completely misses you.
You feel sick. The cane toad barely misses you.
You feel sick. The cane toad misses you.
You feel sick. The cane toad stings you!
* * * LOW HITPOINT WARNING * * *
You're too confused to move!
You feel sick. The cane toad closely misses you. The komodo dragon misses you.
You are too confused!
You clumsily bash the komodo dragon but do no damage.
You claw the komodo dragon, but do no damage.
Your peck misses the komodo dragon.
The komodo dragon is moderately wounded.
You feel sick. The cane toad misses you. The komodo dragon bites you!!
* * * LOW HITPOINT WARNING * * *
The cane toad closely misses you.
The komodo dragon completely misses you.
The cane toad closely misses you.
You feel sick.
You clumsily bash the komodo dragon but do no damage.
The komodo dragon is moderately wounded.
You feel less invigorated.
You feel less confused.
You feel sick.
You are no longer poisoned.
The cane toad stings you!!
You die...
Your body crumbles into a pile of gold.

#### #..##P.'###....#
#..#.......#...##
####..........#....#
########..#......<.......P#
.............#.......#...##
..............)..........#
#...................#...#
#..........l#PP.###....#
#..........F@..........#
.##...........####........
..............## ##........
................#
.....#P.##
###............## #.....
### .#.PP..##+.P..##
....### #..............#
......# #..~~~~.....P..#
....... ..~~..........##
.......


You could see a komodo dragon and a cane toad.

Vanquished Creatures
  Erica (D:7)
  Urug (Lair:1)
  2 harpies
  A black mamba (Lair:1)
  3 cane toads (Lair:1)
  A komodo dragon (D:8)
  Psyche (D:8)
  A rime drake (Lair:2)
  3 yaks (D:8)
  A wyvern (Lair:2)
  Grum (D:8)
  2 steam dragons
  3 water moccasins
  An orc warrior (D:5)
  4 sky beasts (D:7)
  2 black bears
  2 ice beasts (D:8)
  2 ogres
  13 wolves
  A phantom (D:4)
  3 bullfrogs
  A scorpion (D:5)
  13 wights
  A howler monkey (D:5)
  7 hounds
  An orc priest (D:6)
  2 jellies (D:7)
  A sleepcap (D:6)
  Jessica (D:3)
  3 iguanas
  2 orc wizards
  11 gnolls
  3 adders
  A shadow imp (D:7)
  A white imp (D:7)
  A worm (D:4)
  4 dart slugs
  7 orcs
  9 endoplasms
  2 giant cockroaches
  5 goblins
  8 hobgoblins
  4 quokkas
  2 ball pythons
  5 bats
  4 frilled lizards
  3 kobolds
  8 rats
159 creatures vanquished.

Vanquished Creatures (others)
  7 fungi
  50 plants
57 creatures vanquished.

Grand Total: 216 creatures vanquished

Notes
Turn   | Place    | Note
-------+----------+-------------------------------------------
     0 | D:1      | selver the Tengu Hunter began the quest for the Orb.
     0 | D:1      | Reached XP level 1. HP: 12/12 MP: 2/2
   154 | D:1      | Reached XP level 2. HP: 17/17 MP: 3/3
   206 | D:1      | Reached skill level 5 in Ranged Weapons
   607 | D:2      | Reached XP level 3. HP: 21/21 MP: 4/4
  1292 | D:3      | Found a basalt altar of Yredelemnul.
  1373 | D:3      | Found an opulent altar of Gozag.
  1373 | D:3      | Noticed Jessica
  1374 | D:3      | Killed Jessica
  1375 | D:3      | Reached skill level 6 in Ranged Weapons
  1375 | D:3      | Reached XP level 4. HP: 26/26 MP: 5/5
  1405 | D:3      | Became a worshipper of Gozag Ym Sagoz the Greedy
  1950 | D:4      | Found Ugint's Weapon Shop.
  1966 | D:4      | Gained mutation: Your magical nature lets you fly swiftly
                  | and evasively. [Tengu growth]
  1966 | D:4      | Reached XP level 5. HP: 30/30 MP: 6/6
  2133 | D:4      | Reached skill level 7 in Ranged Weapons
  2459 | D:4      | Reached XP level 6. HP: 35/35 MP: 7/7
  2551 | D:4      | Reached skill level 8 in Ranged Weapons
  2856 | D:4      | Found Jali's Book Emporium.
  2996 | D:4      | Found Oneots's Antique Armour Emporium.
  3154 | D:5      | Entered Level 5 of the Dungeon
  3390 | D:5      | Gained mutation: Armour fits poorly on your strangely
                  | shaped body. [potion of mutation]
  3390 | D:5      | Gained mutation: You are resistant to electric shocks.
                  | (rElec) [potion of mutation]
  3393 | D:5      | Reached skill level 9 in Ranged Weapons
  3393 | D:5      | Reached XP level 7. HP: 27/40 MP: 8/8
  4116 | D:4      | Reached skill level 10 in Ranged Weapons
  4211 | D:5      | Found a runed translucent door.
  4212 | D:5      | Noticed Crazy Yiuf
  4240 | D:5      | Lost mutation: Armour fits poorly on your strangely shaped
                  | body. [potion of mutation]
  4240 | D:5      | Lost mutation: You are resistant to electric shocks.
                  | (rElec) [potion of mutation]
  4240 | D:5      | Gained mutation: Your magical capacity is low. (-10% MP)
                  | [potion of mutation]
  4240 | D:5      | Gained mutation: Your flesh is heat resistant. (rF+)
                  | [potion of mutation]
  4593 | D:5      | Reached XP level 8. HP: 35/44 MP: 8/8
  4717 | D:6      | Reached skill level 11 in Ranged Weapons
  5407 | D:6      | Reached skill level 12 in Ranged Weapons
  5811 | D:6      | Identified a scroll of acquirement
  5811 | D:6      | Acquired 760 gold pieces
  5817 | D:6      | Bought the ring "Paxegig" {rN++ EV+5 Dex+3} for 598 gold
                  | pieces
  5817 | D:6      | Bought a ring of poison resistance for 200 gold pieces
  5935 | D:7      | Reached XP level 9. HP: 38/48 MP: 9/9
  6085 | D:7      | Reached skill level 13 in Ranged Weapons
  6125 | D:7      | Found a staircase to the Ecumenical Temple.
  6370 | D:7      | Found a glowing silver altar of Zin.
  6631 | D:8      | Noticed Erica
  6800 | D:7      | Killed Erica
  6801 | D:7      | Reached skill level 14 in Ranged Weapons
  7171 | D:8      | Reached skill level 15 in Ranged Weapons
  7295 | D:8      | Noticed Psyche
  7525 | D:8      | Killed Psyche
  7526 | D:8      | Reached XP level 10. HP: 50/53 MP: 10/10
  7744 | D:8      | Found a snail-covered altar of Cheibriados.
  7815 | D:8      | Reached skill level 16 in Ranged Weapons
  8000 | D:8      | Found a staircase to the Lair.
  8148 | D:8      | Noticed Grum
  8641 | D:8      | Killed Grum
  8642 | D:8      | Reached skill level 5 in Fighting
  8723 | Lair:1   | Entered Level 1 of the Lair of Beasts
  8723 | Lair:1   | Noticed a cane toad
  8727 | Lair:1   | Killed a cane toad
  8745 | Lair:1   | Noticed a cane toad
  8755 | Lair:1   | Killed a cane toad
  8810 | Lair:1   | Noticed a cane toad
  8818 | Lair:1   | Killed a cane toad
  8853 | Lair:1   | Noticed Urug
  8892 | Lair:1   | Killed Urug
  8954 | Lair:1   | Noticed a black mamba
  8960 | Lair:1   | Killed a black mamba
  8961 | Lair:1   | Reached XP level 11. HP: 68/68 MP: 10/10
  9825 | Lair:2   | Found a staircase to the Shoals.
  9825 | Lair:2   | Noticed a harpy
  9825 | Lair:2   | Noticed a harpy
  9833 | Lair:2   | Killed a harpy
  9842 | Lair:2   | Noticed a harpy
  9859 | Lair:1   | Killed a harpy
 10094 | Lair:2   | Reached skill level 10 in Fighting
 10152 | Lair:2   | HP: 1/72 [komodo dragon (19)]
 10155 | Lair:2   | Mangled by a cane toad

Illustrated notes

Levels and vault maps discovered:
D:1:      co_arrival_square_in_a_square_in_a_square, layout_basic,
          serial_bayou_pond_e
D:2:      layout_basic
D:3:      layout_basic, mainiacjoe_overflow_surrounded_room,
          yredelemnul_altar_generic, uniq_jessica
D:4:      layout_loops_ring, serial_shops, shop_statue, kennysheep_mini_moat,
          shop_fountains, dk_vineyard_2, hangedman_abyss_or_decor_stabs,
          cheibrodos_gnoll_hut
D:5:      layout_basic, uniq_crazy_yiuf_cottage
D:6:      layout_gridville
D:7:      layout_loops_ring, mainiacjoe_overflow_cross_hatched,
          minmay_temple_entry_trees
D:8:      layout_basic, kennysheep_slug_shrine, david_lair_shrubbed, uniq_erica,
          uniq_grum, uniq_psyche
D:9:      layout_roguey, nicolae_vehumet_radiance, lemuel_blue_sif_altar
Lair:1:   layout_chaotic_city, uniq_urug
Lair:2:   layout_chaotic_city, nicolae_shoals_entry_roost,
          guppyfry_snake_entry_island, gammafunk_ghost_hive,
          chequers_serial_rivers_micro_c

Skill      XL: |  1  2  3  4  5  6  7  8  9 10 11 |
---------------+----------------------------------+-----
Ranged Weapons | 5 6 7 9 10 12 15 16 | 16.0
Fighting       | 8 10 | 10.3
Dodging        | |  2.1
Stealth        | |  1.0

Action                     |  1- 3 |  4- 6 |  7- 9 | 10-12 || total
---------------------------+-------+-------+-------+-------++-------
  Melee: Shortbow          |       |       |       |     2 ||     2
         Kick              |       |       |       |     1 ||     1
   Fire: Shortbow          |    76 |   142 |   328 |   228 ||   774
 Invoke: Call Merchant     |       |       |     1 |       ||     1
  Evoke: Wand              |       |       |     7 |       ||     7
    Use: Scroll            |       |     2 |    13 |    12 ||    27
         Potion            |       |     2 |     8 |     1 ||    11
 Armour: Leather armour    |     1 |       |       |       ||     1
         Ring mail         |       |    17 |    27 |    25 ||    69
         Skin              |       |       |     1 |       ||     1
  Dodge: Dodged            |     2 |    62 |   143 |   211 ||   418

Table legend: (Time is in decaauts)
 A = Elapsed time spent in this place.
 B = Non-inter-level travel time spent in this place.
 C = Inter-level travel time spent in this place.
 D = Time resting spent in this place.
 E = Time spent auto-exploring this place.
 F = Levels seen in this place.
 G = Mean time per level.
                   A        B        C        D        E       F      G
               +--------+--------+--------+--------+--------+-----+--------+
         Total |   9751 |   9596 |    155 |   2647 |   3753 |  11 |  886.5 |
       Dungeon |   8403 |   8263 |    140 |   2209 |   3333 |   9 |  933.7 |
          Lair |   1348 |   1333 |     15 |    438 |    420 |   2 |  674.0 |
               +--------+--------+--------+--------+--------+-----+--------+

Top non-repeatable levels by time:
     D:7: 1475 daAuts
     D:4: 1415 daAuts
     D:5: 1278 daAuts
  Lair:1: 1218 daAuts
     D:6: 1187 daAuts
     D:8: 1132 daAuts
     D:2: 669 daAuts
     D:3: 663 daAuts
     D:1: 453 daAuts
  Lair:2: 129 daAuts
     D:9: 126 daAuts
